 Dungeon Crawl Stone Soup version 0.24.1 (webtiles) character file.

Game seed: 3422397740039936294, levelgen mode: deterministic

112 HaroldHyrax the Cudgeler (level 4, 0/39 HPs)
             Began as a Minotaur Fighter on Apr 4, 2020.
             Slain by Grinder (4 damage)
             ... on level 3 of the Dungeon.
             The game lasted 00:08:55 (2226 turns).

HaroldHyrax the Cudgeler (Minotaur Fighter)         Turns: 2226, Time: 00:08:56

Health: 0/39       AC:  8    Str: 21    XL:     4   Next: 64%
Magic:  3/3        EV:  7    Int:  5    God:
Gold:   181        SH:  9    Dex: 10    Spells: 3/3 levels left

rFire    . . .     SeeInvis .   a - +0 flail
rCold    . . .     Gourm    .   c - +0 shield
rNeg     . . .     Faith    .   b - +0 scale mail
rPois    .         Spirit   .   (helmet restricted)
rElec    .         Reflect  .   k - +0 cloak
rCorr    .         Harm     .   (no gloves)
MR       .....                  (no boots)
Stlth    ..........             (no amulet)
HPRegen  0.13/turn              (no ring)
MPRegen  0.08/turn              (no ring)

@: no status effects
A: retaliatory headbutt, horns 2
a: no special abilities


You were on level 3 of the Dungeon.
You were not hungry.

You visited 1 branch of the dungeon, and saw 3 of its levels.

You collected 181 gold pieces.

Inventory:

Hand Weapons
 a - a +0 flail (weapon)
 o - a +0 whip
Armour
 b - a +0 scale mail (worn)
 c - a +0 shield (worn)
 k - a +0 cloak (worn)
Scrolls
 e - 2 scrolls of fear {unknown}
 g - a scroll of immolation {unknown}
 h - 3 scrolls of blinking {unknown}
 i - 3 scrolls of identify {unknown}
 j - a scroll of magic mapping {unknown}
 l - 2 scrolls of fog {unknown}
 p - a scroll of enchant weapon {unknown}
 r - a scroll of remove curse {unknown}
Potions
 m - 2 potions of lignification {unknown}
 n - a potion of cancellation {unknown}
 q - a potion of curing {unknown}
 s - a potion of berserk rage {unknown}
Comestibles
 t - a ration


   Skills:
 - Level 3.6 Fighting
 * Level 6.0 Maces & Flails
 - Level 3.6 Armour
 - Level 3.6 Shields


You had 3 spell levels left.
You didn't know any spells.
Your spell library was empty.

Dungeon Overview and Level Annotations

Branches:
Dungeon (3/15)

Altars:

Annotations:
D:3 Grinder


Innate Abilities, Weirdness & Mutations

You reflexively headbutt those who attack you in melee.
You have a pair of horns on your head.


Message History

Grinder hits you.
You writhe in agony.
Grinder hits you but does no damage. Grinder gestures at you.
Pain shoots through your body! Grinder gestures at you.
You resist with significant effort.
You can move again.
You hit Grinder but do no damage. You headbutt Grinder, but do no damage.
Grinder is severely wounded.
Grinder hits you but does no damage. Grinder hits you.
You writhe in agony.
* * * LOW HITPOINT WARNING * * *
You closely miss Grinder.
Grinder is severely wounded.
You block Grinder's attack.
You closely miss Grinder.
Grinder is severely wounded.
Grinder hits you!
* * * LOW HITPOINT WARNING * * *
You writhe in agony.
You die...

.######## #.# .5....ยง.#
#.######### ######.#
#.#........
..##.#..<.#.####.#.#####..
.........@5....#.#.# #..
#.##.#.###.###.#.#.# ##. #
#.......#.#.#.######.
.......................
#.######..#.########.#.
..........#... .....
##########.###### ##.##
................ #...
#########.###### #.##


You could see Grinder.

Vanquished Creatures
  Jessica (D:3)
  2 adders (D:2)
  2 oozes
  A dart slug (D:3)
  A leopard gecko (D:1)
  5 bats
  6 giant cockroaches
  6 goblins
  6 hobgoblins
  5 jackals
  3 quokkas
  2 frilled lizards
  6 kobolds
  7 rats (D:1)
53 creatures vanquished.

Notes
Turn   | Place    | Note
-------+----------+-------------------------------------------
     0 | D:1      | HaroldHyrax the Minotaur Fighter began the quest for the
                  | Orb.
     0 | D:1      | Reached XP level 1. HP: 19/19 MP: 0/0
    88 | D:1      | Reached skill level 3 in Maces & Flails
   131 | D:1      | Reached XP level 2. HP: 22/26 MP: 1/1
   563 | D:1      | Reached skill level 4 in Maces & Flails
   699 | D:1      | Reached XP level 3. HP: 27/31 MP: 2/2
  1362 | D:2      | Reached skill level 5 in Maces & Flails
  1382 | D:2      | Reached XP level 4. HP: 31/39 MP: 3/3
  1756 | D:3      | Noticed Jessica
  1761 | D:3      | Killed Jessica
  1929 | D:3      | Reached skill level 6 in Maces & Flails
  1943 | D:3      | Noticed Grinder
  1947 | D:3      | Paralysed by Grinder for 7 turns
  2218 | D:3      | Paralysed by Grinder for 6 turns
  2226 | D:3      | Slain by Grinder

Levels and vault maps discovered:
D:1:      ncdulo_watergridlock, layout_basic
D:2:      layout_basic, serial_bayou_lagoon_b
D:3:      layout_basic, first_ration, kennysheep_generic_room_6, uniq_grinder,
          uniq_jessica

Skill      XL: |  1  2  3  4 |
---------------+-------------+-----
Maces & Flails | 3 4 5 6 |  6.0
Fighting       | |  3.6
Armour         | |  3.6
Shields        | |  3.6

Action                   |  1- 3 |  4- 6 || total
-------------------------+-------+-------++-------
Melee: Flail             |   118 |    38 ||   156
       Headbutt          |    13 |    10 ||    23
  Use: Potion            |       |     1 ||     1
  Eat: Chunk             |     1 |       ||     1
       Ration            |       |     1 ||     1
Armor: Scale mail        |    45 |    19 ||    64
Dodge: Dodged            |    33 |    13 ||    46
Block: Shield            |    53 |    19 ||    72
